 Dungeon Crawl Stone Soup version 0.31-a0-744-gbc345e7fcb (webtiles) character file.

Game seed: 177930785870516975

1615861 Midn8 the Force of Nature (level 27, 219/219 HPs)
             Began as a Gnoll Gladiator on Sept 13, 2023.
             Was the Champion of Fedhas.
             Escaped with the Orb
             ... and 3 runes!
             The game lasted 04:02:03 (72079 turns).

Midn8 the Force of Nature (Gnoll Gladiator)        Turns: 72079, Time: 04:02:03

Health: 219/219    AC: 51    Str: 31    XL:     27
Magic:  45/45      EV: 17    Int: 21    God:    Fedhas [******]
Gold:   3109       SH: 23    Dex: 20    Spells: 11/62 levels left

rFire   + + .        a - +18 lance "Wyrmbane" {slay drac, rPois rF+ rC+ AC+3}
rCold   + + .        B - +3 kite shield {AC+3}
rNeg    + . .        t - +9 crystal plate armour "Tuiffiod" {Int+8 Dex-2 Stlth-}
rPois   +            c - +2 helmet {SInv}
rElec   .            k - +3 cloak "Rateg" {Dex+3}
rCorr   .            j - +1 pair of gloves "Reemes" {Int+2 Dex+2}
SInv    +            V - +2 pair of boots
Will    ++++.        W - amulet of Vitality {RegenMP++ Regen++} Stlth
                     C - ring "Miphyfi" {Contam rF++ rC+ Str+4}
HPRegen 2.16/turn    A - ring "Vuxih" {Drain rN+ Will++ Str+8 Stlth+}
MPRegen 1.09/turn

%: no passive effects
@: studying 3 skills
A: fangs 1, strong nose, distributed training, large bone plates 1, deformed
body, dopey 1, poison resistance, shaggy fur 1, no potion heal 1, heat
vulnerability 1, MP-powered wands
0: Orb of Zot
}: 3/15 runes: decaying, serpentine, silver
a: Renounce Religion, Wall of Briars, Grow Ballistomycete, Overgrow, Grow Oklob


You escaped.
You worshipped Fedhas.
Fedhas was exalted by your worship.
You visited 10 branches of the dungeon, and saw 50 of its levels.
You visited the Abyss 2 times.
You also visited: Bailey.

You collected 9014 gold pieces.
You spent 5905 gold pieces at shops.

Inventory:

Hand Weapons
 a - the +18 lance "Wyrmbane" (weapon) {slay drac, rPois rF+ rC+ AC+3}
   (You took it off a deep elf annihilator on level 3 of the Elven Halls)

   AC+3:      It affects your AC (+3).
   rF+:       It protects you from fire.
   rC+:       It protects you from cold.
   rPois:     It protects you from poison
 b - a +3 heavy demon trident
Missiles
 d - 3 throwing nets
 e - 11 javelins
 h - 5 curare-tipped darts
 m - 26 boomerangs (quivered)
 u - 8 atropa-tipped darts
 U - 3 silver javelins
Armour
 c - a +2 helmet of see invisible (worn)
 j - the +1 pair of gloves "Reemes" (worn) {Int+2 Dex+2}
   (You found it on level 8 of the Dungeon)

   Int+2:     It affects your intelligence (+2).
   Dex+2:     It affects your dexterity (+2).
 k - the +3 cloak "Rateg" (worn) {Dex+3}
   (You found it on level 5 of the Vaults)

   Dex+3:     It affects your dexterity (+3).
 t - the +9 crystal plate armour "Tuiffiod" (worn) {Int+8 Dex-2 Stlth-}
   (You acquired it on level 3 of the Crypt)

   Int+8:     It affects your intelligence (+8).
   Dex-2:     It affects your dexterity (-2).
   Stlth-:    It makes you less stealthy.
 B - a +3 kite shield of protection (worn)
 V - a +2 pair of boots (worn)
Jewellery
 A - the ring "Vuxih" (right hand) {Drain rN+ Will++ Str+8 Stlth+}
   (You found it on level 3 of the Crypt)

   [ring of positive energy]

   Str+8:     It affects your strength (+8).
   rN+:       It protects you from negative energy.
   Will++:    It greatly increases your willpower.
   Drain:     It drains your maximum health when unequipped.
   Stlth+:    It makes you more stealthy.
 C - the ring "Miphyfi" (left hand) {Contam rF++ rC+ Str+4}
   (You bought it in a shop on level 4 of the Snake Pit)

   [ring of protection from cold]

   Str+4:     It affects your strength (+4).
   rF++:      It greatly protects you from fire.
   rC+:       It protects you from cold.
   Contam:    It causes magical contamination when unequipped.
 K - a ring of willpower
 W - the amulet of Vitality (around neck) {RegenMP++ Regen++}
   (You bought it in a shop on level 2 of the Snake Pit)

   [amulet of magic regeneration]

   RegenMP:   It increases your rate of magic regeneration.
   Regen++:   It increases your rate of health regeneration.
Wands
 G - a wand of digging (15)
 H - a wand of polymorph (20)
 N - a wand of light (61)
 S - a wand of mindburst (42)
 Y - a wand of charming (49)
 Z - a wand of roots (26)
Scrolls
 g - 8 scrolls of vulnerability
 o - 5 scrolls of fog
 q - a scroll of revelation
 r - 24 scrolls of teleportation
 v - 4 scrolls of silence
 x - 2 scrolls of enchant weapon
 D - 2 scrolls of butterflies
 I - 5 scrolls of blinking
 J - 4 scrolls of brand weapon
 L - 9 scrolls of fear
 O - 11 scrolls of amnesia
Potions
 f - 18 potions of curing
 i - 7 potions of resistance
 l - 7 potions of ambrosia
 n - 5 potions of enlightenment
 p - 7 potions of brilliance
 z - 14 potions of heal wounds
 F - 4 potions of might
 P - 4 potions of magic
 Q - 8 potions of haste
 R - 3 potions of mutation
 T - 4 potions of invisibility
 X - 2 potions of cancellation
Miscellaneous
 s - a lightning rod (4/4)
 y - a sack of spiders
 E - a phial of floods
 M - a tin of tremorstones (2/2)


   Skills:
 + Level 18.7 Fighting
 + Level 18.2 Short Blades
 + Level 18.2 Long Blades
 + Level 18.2 Axes
 + Level 18.2 Maces & Flails
 + Level 18.2 Polearms
 + Level 19.1 Staves
 + Level 18.2 Ranged Weapons
 + Level 18.7 Throwing
 + Level 20.1 Armour
 + Level 19.1 Dodging
 + Level 18.2 Stealth
 + Level 18.2 Shields
 + Level 18.2 Unarmed Combat
 + Level 18.2 Spellcasting
 + Level 15.5 Conjurations
 + Level 15.5 Hexes
 + Level 15.5 Summonings
 + Level 15.5 Necromancy
 + Level 15.5 Translocations
 + Level 15.5 Transmutations
 + Level 15.5 Fire Magic
 + Level 15.5 Ice Magic
 + Level 15.5 Air Magic
 + Level 15.5 Earth Magic
 + Level 15.5 Poison Magic
 + Level 24.6 Invocations
 + Level 22.2 Evocations
 + Level 16.8 Shapeshifting


You had 11 spell levels left.
You knew the following spells:

 Your Spells              Type           Power      Damage    Failure   Level
a - Foxfire               Conj/Fire      100%       2x1d9     1%          1
b - Plasma Beam           Fire/Air       35%        2x1d49    9%          6
c - Borgnjor's Vile Clut  Necr/Erth      35%        N/A       1%          5
d - Leda's Liquefaction   Hex/Erth       35%        N/A       1%          4
e - Lee's Rapid Deconstr  Erth           35%        3d18*     1%          5
f - Summon Lightning Spi  Summ/Air       71%        N/A       1%          4
r - Starburst             Conj/Fire      35%        6d10      9%          6
s - Silence               Hex/Air        35%        N/A       1%          5
v - Vhi's Electric Charg  Tloc/Air       100%       N/A       1%          4
y - Yara's Violent Unrav  Hex/Tmut       35%        3d14      1%          5
z - Ozocubu's Armour      Ice            71%        N/A       1%          3
S - Swiftness             Air            71%        N/A       1%          3

Your spell library contained the following spells:

 Spells                   Type           Power      Damage    Failure   Level
 Magic Dart               Conj           100%       1d8       1%          1
 Sandblast                Erth           100%       2d20      1%          1
 Shock                    Conj/Air       100%       1d9       1%          1
 Ensorcelled Hibernation  Hex/Ice        100%       N/A       1%          2
 Jinxbite                 Hex            100%       N/A       1%          2
 Passwall                 Tmut/Erth      59%        N/A       1%          2
 Scorch                   Fire           100%       2d9       1%          2
 Searing Ray              Conj           100%       2d8       1%          2
 Static Discharge         Conj/Air       100%       2-7/arc   1%          2
 Call Canine Familiar     Summ           71%        N/A       1%          3
 Gell's Gravitas          Tloc           71%        N/A       1%          3
 Inner Flame              Hex/Fire       71%        N/A       1%          3
 Sigil of Binding         Hex            71%        N/A       1%          3
 Stone Arrow              Conj/Erth      100%       3d13      1%          3
 Tukima's Dance           Hex            71%        N/A       1%          3
 Volatile Blastmotes      Fire/Tloc      100%       2d18      1%          3
 Airstrike                Air            35%        2d(6-22)  1%          4
 Anguish                  Hex/Necr       35%        N/A       1%          4
 Animate Armour           Summ/Erth      100%       N/A       1%          4
 Animate Dead             Necr           71%        N/A       1%          4
 Dimensional Bullseye     Hex/Tloc       35%        N/A       1%          4
 Flame Wave               Conj/Fire      71%        2d16      1%          4
 Fulminant Prism          Conj/Hex       35%        3d18      1%          4
 Iskenderun's Mystic Bla  Conj/Tloc      71%        2d14      1%          4
 Olgreb's Toxic Radiance  Pois           71%        N/A       1%          4
 Passage of Golubria      Tloc           71%        N/A       1%          4
 Summon Ice Beast         Ice/Summ       71%        N/A       1%          4
 Arcjolt                  Conj/Air       35%        1d45      1%          5
 Fireball                 Conj/Fire      35%        3d15      1%          5
 Iskenderun's Battlesphe  Conj           71%        2d12      1%          5
 Metabolic Englaciation   Hex/Ice        35%        N/A       1%          5
 Summon Forest            Summ/Tloc      35%        N/A       1%          5
 Summon Mana Viper        Hex/Summ       71%        N/A       1%          5
 Conjure Ball Lightning   Conj/Air       35%        3x3d11    9%          6
 Death Channel            Necr           35%        N/A       9%          6
 Eringya's Noxious Bog    Tmut/Pois      35%        4d6       9%          6
 Leda's Unmaking          Conj/Erth      35%        9d6       9%          6
 Simulacrum               Ice/Necr       35%        N/A       9%          6
 Summon Cactus Giant      Summ           35%        N/A       9%          6
 Enfeeble                 Hex            35%        N/A       43%         7
 Monstrous Menagerie      Summ           35%        N/A       43%         7
 Orb of Destruction       Conj           35%        9d10      43%         7
 Ozocubu's Refrigeration  Ice            35%        4d15      43%         7
 Spellforged Servitor     Conj/Summ      35%        N/A       43%         7
 Summon Hydra             Summ           35%        N/A       43%         7
 Discord                  Hex            35%        N/A       98%         8
 Ignition                 Fire           35%        3d11      98%         8
 Lehudib's Crystal Spear  Conj/Erth      35%        10d9      98%         8
 Maxwell's Capacitive Co  Air            35%        ∞         98%         8
 Chain Lightning          Conj/Air       35%        3d47      100%        9
 Fire Storm               Conj/Fire      35%        8d9       100%        9
 Shatter                  Erth           35%        3d28*     100%        9


Dungeon Overview and Level Annotations

Branches:
Dungeon (15/15)            Temple (0/1) D:5            Lair (5/5) D:10
  Swamp (4/4) Lair:2        Snake (4/4) Lair:2        Slime (0/5) Lair:4
    Orc (2/2) D:11            Elf (3/3) Orc:2        Vaults (5/5) D:13
  Crypt (3/3) Vaults:2       Tomb (0/3) Crypt:3      Depths (4/4) D:15
    Zot (5/5) Depths:4     Bailey (visited)

Altars:
Ashenzari
Cheibriados
Elyvilon
Fedhas
Kikubaaqudgha
Nemelex Xobeh
Trog
Uskayaw
Xom
Yredelemnul
Zin
The Shining One

Shops:
Orc:1 **   Orc:2 [**(   Elf:2 (   Snake:2 =[*:   Snake:4 =::   Vaults:2 ?
Vaults:5 ==   Depths:4 ?

Portals:
Hell: Depths:1 Depths:2 Depths:3 Depths:4
Abyss: Swamp:3 Depths:3
Pandemonium: Depths:2 Depths:4
Ziggurat: Depths:3

Annotations:
Lair:3 1 runed translucent door, Etuanuguth's ghost, journeyman MeEE
Swamp:3 2 transporters, Naistiu's ghost, adept DESu
Elf:2 3 runed translucent doors
Elf:3 1 exclusion
Vaults:2 3 runed translucent doors, Woitib's ghost, adept GrFE
Depths:4 2 transporters, Xutext's ghost, adept DsAK
Zot:5 1 exclusion


Innate Abilities, Weirdness & Mutations

You have very sharp teeth.
Your uncanny sense of smell can sniff out nearby items.
Your experience applies equally to all skills.
You are partially covered in large bone plates. (SH +4)
Armour fits poorly on your strangely shaped body.
You are dopey. (Int -2)
Your system is resistant to poisons. (rPois)
You are covered in fur. (AC +1)
Potions are less effective at restoring your health.
You are vulnerable to heat. (rF-)
You expend magic power (3 MP) to strengthen your wands.


Message History

(V) Vaults (C) Crypt (W) Tomb (U) Depths (H) Hell (Z) Zot
Where to? (Tab/Enter - D:1 @ (x,y), ? - help) HP restored.
There is a stone staircase leading up here.
You climb upwards.
There is a stone staircase leading down here.
There is a stone staircase leading up here.
You climb upwards.
There is a stone staircase leading down here.
You enter the shallow water.
Moving in this stuff is going to be slow.
You enter the shallow water.
Moving in this stuff is going to be slow.
You enter the shallow water.
Moving in this stuff is going to be slow.
There is a large open door here.
An Orb Guardian comes into view.
There is a large open door here.
The Orb Guardian attacks as it pursues you!
You block the Orb Guardian's attack.
You puncture the Orb Guardian!
The Orb Guardian is lightly wounded.
The Orb Guardian hits you but does no damage.
You impale the Orb Guardian!!
The Orb Guardian is moderately wounded.
The Orb Guardian barely misses you.
You impale the Orb Guardian!!
The Orb Guardian is severely wounded.
You block the Orb Guardian's attack.
You impale the Orb Guardian!!
You bite the Orb Guardian, but do no damage.
The Orb Guardian is almost dead.
You impale the Orb Guardian!!
You kill the Orb Guardian!
Fedhas accepts your kill.
No target in view!
There is a large open door here.
There is a staircase leading out of the dungeon here.
You have escaped!

#
#~.#~..........~#.~.#
#..
#~.#~~~~~..~~~~~#.~.#
#..
#~.######''######.~.#
###
#~.#§...........#.~.#
#~.#§§≈≈≈..§≈≈≈≈#.~.#
#~.#§≈≈≈≈..≈≈§≈≈#.~.#
#~.#............#.~.#
#~.######''######.~.#
#~8#.....@......#8~.#
#~.##############.~.#
#~..8..........8..~.#
#~~~~~~~~~~~~~~~~~~.#
###################.#
#.# #.# #.# #.#


There were no monsters in sight!

Vanquished Creatures
  3 dread liches
  4 ancient liches
  3 orbs of fire (Zot:5)
  Mara (Snake:4)
  2 juggernauts (Depths:3)
  Josephina (Crypt:3)
  A Killer Klown (Zot:5)
  Frederick (Crypt:3)
  the Lernaean hydra (Swamp:4)
  Saint Roka (Elf:2)
  Xtahua (Vaults:2)
  8 golden dragons
  Nikola (Swamp:2)
  4 bone dragons
  An electric golem (Zot:5)
  6 tentacled monstrosities
  18 Orb Guardians
  3 walking crystal tomes (Depths:3)
  2 Ice Fiends
  10 titans
  2 deep elf blademasters (Elf:3)
  6 deep elf master archers
  2 liches
  Asterion (Snake:2)
  8 sphinxes
  A walking earthen tome (Depths:3)
  2 walking frostbound tomes (Depths:3)
  A quicksilver dragon (Depths:3)
  3 tentacled starspawn (Abyss:3)
  An Executioner (Abyss:3)
  Frances (D:12)
  3 ancient champions (Crypt:1)
  Agnes (Elf:2)
  8 shadow dragons
  8 storm dragons
  6 tengu reavers
  Donald (Snake:4)
  Aizul (Snake:4)
  A fenstrider witch (Swamp:1)
  12 fire giants
  4 revenants
  2 nagarajas
  A draconian monk (Zot:2)
  5 deep elf sorcerers (Elf:3)
  A spectral juggernaut (D:14)
  3 draconian knights
  3 iron dragons (Depths:3)
  19 vault wardens
  12 frost giants
  A deep elf elementalist (Elf:3)
  2 draconian scorchers
  A caustic shrike zombie (Crypt:3)
  2 ghost moths
  A draconian stormcaller (Zot:2)
  3 orc warlords
  Louise (Swamp:2)
  2 balrugs
  21 ironbound preservers
  A juggernaut skeleton (Crypt:3)
  3 draconian shifters
  A spriggan defender (Depths:3)
  8 ghouls
  A cacodemon (D:4)
  2 draconian annihilators
  2 formless jellyfish (Vaults:3)
  9 very ugly things
  5 war gargoyles
  A caustic shrike skeleton (Abyss:3)
  A formless jellyfish (shapeshifter) (Vaults:5)
  6 ironbound thunderhulks
  15 stone giants
  2 eleionomae (Swamp:4)
  A deep elf demonologist (Elf:3)
  2 green draconians
  Azrael (D:14)
  5 vampire knights
  4 white draconians
  8 purple draconians
  4 red draconians
  3 black draconians
  6 deep elf annihilators (Elf:3)
  3 spark wasps (Depths:3)
  4 bunyips
  7 dire elephants
  5 yellow draconians
  3 crystal guardians (Crypt:3)
  10 deep elf death magi
  2 eidola
  A merfolk javelineer (Depths:3)
  A spectral quicksilver dragon (D:14)
  13 ettins
  8 jiangshi
  A merfolk impaler (Depths:3)
  3 entropy weavers
  The ghost of Newt the Spry, a journeyman MfGl of Hepliaklqana (D:13)
  5 great orbs of eyes
  6 deep elf high priests
  19 yaktaur captains
  A salamander tyrant (Snake:4)
  2 rakshasas (Abyss:3)
  Erolcha (D:11)
  7 fire dragons
  2 ghost crabs
  18 hydras
  8 ice dragons
  14 centaur warriors
  3 catoblepae
  6 alligators
  5 ogre magi
  41 vault guards
  4 spriggan air magi
  4 boulder beetles
  6 naga warriors
  10 ironbound frosthearts
  3 death knights
  5 two-headed ogres
  A sphinx skeleton (Vaults:2)
  An azure jelly zombie (Crypt:2)
  A merfolk avatar (Lair:5)
  9 anacondas
  2 Orb Guardian skeletons (Crypt:1)
  3 tengu warriors
  16 death yaks
  15 dancing weapons
  8 deep troll earth magi
  7 deep troll shamans
  2 thrashing horrors (Abyss:2)
  17 naga sharpshooters
  5 shock serpents
  5 vampire magi
  2 spriggan berserkers (Depths:3)
  25 hell knights
  A storm dragon zombie (D:14)
  A sun demon (Depths:4)
  3 salamander mystics
  4 soul eaters
  6 wretched stars
  8 deep elf knights
  2 shadow wraiths
  2 iron trolls
  A sixfirhy (Depths:4)
  2 skysharks (Lair:5)
  4 goliath frogs
  A spectral iron dragon (D:14)
  3 spriggan druids
  10 sea snakes
  A quicksilver dragon simulacrum (D:14)
  21 skeletal warriors
  59 deep trolls
  3 flayed ghosts
  18 swamp dragons
  4 lindwurms (Vaults:2)
  4 glowing orange brains
  7 bog bodies
  An obsidian statue (Zot:5)
  12 deep elf archers
  10 wizards
  14 necromancers
  10 orc knights
  7 naga ritualists
  A harpy (Lair:5)
  7 phantasmal warriors
  33 ugly things
  20 ironbound convokers
  An eleionoma zombie (Crypt:1)
  A broodmother zombie (Crypt:1)
  26 deep elf zephyrmancers
  2 orc sorcerers
  22 deep elf pyromancers
  5 mana vipers
  A harpy (shapeshifter) (D:15)
  4 manticores
  2 cyclopes (shapeshifter)
  5 cyclopes
  A mana viper (shapeshifter) (Vaults:5)
  2 will-o-the-wisps
  A spectral spriggan (D:14)
  4 centaur zombies
  12 salamanders
  5 moths of wrath
  25 elephants
  A human skeleton (Vaults:2)
  Joseph (D:10)
  33 black mambas
  2 centaur skeletons
  A gargoyle (Bailey)
  2 guardian serpents (Snake:4)
  2 smoke demons (Abyss:2)
  11 naga magi
  16 vault sentinels
  2 orange demons (Depths:4)
  16 cane toads
  2 naga skeletons (Crypt:3)
  3 unseen horrors
  2 efreet
  9 komodo dragons
  2 ice devils
  5 freezing wraiths
  31 yaktaurs
  4 rime drakes
  An alligator snapping turtle skeleton (Crypt:3)
  6 ancient zymes
  4 trolls
  A red devil (Depths:4)
  A catoblepas skeleton (Crypt:1)
  A spectral glowing shapeshifter (D:14)
  5 polar bears
  A queen bee (shapeshifter) (D:15)
  4 tengu conjurers
  3 hellwings
  A wind drake (Lair:5)
  Prince Ribbit (D:6)
  10 tyrant leeches
  4 blink frogs (Lair:1)
  A death drake zombie (Crypt:2)
  A meliai zombie (Crypt:1)
  8 raiju
  A snapping turtle (shapeshifter) (Elf:1)
  4 hornets
  A raiju (shapeshifter) (D:14)
  31 slime creatures
  A frost giant simulacrum (D:14)
  A fire giant simulacrum (Vaults:2)
  Sigmund (D:2)
  A vampire (Bailey)
  A fire dragon skeleton (Crypt:3)
  34 flying skulls
  2 centaur simulacra
  9 large abominations
  5 spriggans
  7 water elementals
  2 air elementals
  47 yaks
  A black mamba zombie (Crypt:3)
  A shadow (D:11)
  6 wyverns
  9 small abominations
  2 ynoxinuls
  7 basilisks
  11 wraiths
  6 neqoxecs
  8 redbacks (Elf:3)
  5 fire elementals
  A golden eye (Abyss:3)
  Grum (Lair:1)
  15 vampire mosquitoes
  A chaos spawn (Abyss:2)
  A steam dragon (D:9)
  16 swamp worms
  A spatial vortex (Abyss:3)
  A steam dragon (shapeshifter) (Vaults:5)
  3 wargs
  36 nagas
  A hydra simulacrum (Crypt:3)
  3 acid dragons
  A hell hound (D:14)
  6 swamp drakes
  18 water moccasins
  A faun skeleton (Crypt:1)
  A floating eye (Depths:3)
  31 orc warriors
  5 sky beasts
  2 spriggan simulacra (D:14)
  16 wolves
  A swamp dragon zombie (Crypt:2)
  3 ice beasts
  4 boggarts (Lair:5)
  2 starcursed masses (Abyss:3)
  11 centaurs
  A torpor snail zombie (Crypt:2)
  10 ogres
  A snapping turtle skeleton (Crypt:2)
  4 phantoms
  A kobold brigand (D:8)
  A human zombie (Vaults:2)
  12 bullfrogs
  6 necrophages
  A gnoll sergeant (D:10)
  7 scorpions
  A naga simulacrum (Crypt:3)
  A warg zombie (Crypt:2)
  2 earth elementals
  7 killer bees (D:9)
  A troll zombie (D:11)
  A spriggan skeleton (Crypt:1)
  8 vampire bats (Bailey)
  4 howler monkeys
  7 wolf zombies (Bailey)
  6 electric eels
  A quasit (Abyss:2)
  5 jellies
  14 orc priests
  4 hounds
  2 iron imps (Abyss:2)
  2 iguanas
  20 orc wizards
  5 ogre zombies (D:11)
  5 gnolls
  9 adders
  3 white imps
  An ufetubus (D:4)
  A dart slug (D:1)
  64 orcs
  8 bats
  3 endoplasms
  4 giant cockroaches
  14 hobgoblins
  7 quokkas
  10 ball pythons
  7 frilled lizards (D:1)
  A giant cockroach zombie (Crypt:1)
  11 goblins
  2 goblin skeletons (D:11)
  4 goblin zombies (D:11)
  A hobgoblin skeleton (D:11)
  2 hobgoblin zombies (D:11)
  A jackal skeleton (Crypt:2)
  15 kobolds
  2 orc skeletons (D:11)
  26 orc zombies
  7 rats
  2 ballistomycete spores (Lair:2)
  2 starspawn tentacles (Abyss:3)
1997 creatures vanquished.

Vanquished Creatures (collateral kills)
  Vashnia (Snake:4)
  A lich (Crypt:3)
  3 Orb Guardians (Zot:5)
  A storm dragon (Zot:5)
  4 nagarajas (Snake:4)
  2 ghouls (Crypt:2)
  A curse skull (Crypt:2)
  A jiangshi (Crypt:2)
  A hydra (Swamp:4)
  3 anacondas (Snake:4)
  4 naga sharpshooters (Snake:4)
  2 naga warriors (Snake:4)
  A shock serpent (Snake:4)
  A skeletal warrior (Crypt:3)
  A swamp dragon (Swamp:4)
  2 naga ritualists (Snake:4)
  2 naga magi (Snake:4)
  2 salamanders (Snake:4)
  2 guardian serpents (Snake:4)
  A slime creature (D:12)
  A flying skull (Crypt:3)
  A fire elemental (D:14)
  2 nagas
  2 hell hounds (D:14)
  85 ballistomycete spores
127 creatures vanquished.

Vanquished Creatures (others)
  An ironbound preserver (Vaults:3)
  A tengu warrior (D:14)
  A bloated husk (Swamp:1)
  A centaur simulacrum (Crypt:3)
  2 orc warriors
  An orc priest (D:7)
  An orc wizard (D:7)
  8 ballistomycete spores
  43 foxfires
  8 spectral weapons
  7 starspawn tentacles (Abyss:3)
74 creatures vanquished.

Grand Total: 2198 creatures vanquished

Notes
Turn   | Place    | Note
-------+----------+-------------------------------------------
     0 | D:1      | Midn8 the Gnoll Gladiator began the quest for the Orb.
     0 | D:1      | Reached XP level 1. HP: 20/20 MP: 1/1
    68 | D:1      | Reached XP level 2. HP: 25/26 MP: 2/2
   397 | D:1      | Reached XP level 3. HP: 31/31 MP: 3/3
   812 | D:2      | Reached skill level 1 in Invocations
   868 | D:2      | Reached skill level 1 in Short Blades
   868 | D:2      | Reached skill level 1 in Long Blades
   868 | D:2      | Reached skill level 1 in Axes
   868 | D:2      | Reached skill level 1 in Maces & Flails
   868 | D:2      | Reached skill level 1 in Polearms
   868 | D:2      | Reached skill level 1 in Ranged Weapons
   868 | D:2      | Reached skill level 1 in Armour
   868 | D:2      | Reached skill level 1 in Stealth
   868 | D:2      | Reached skill level 1 in Shields
   868 | D:2      | Reached skill level 1 in Unarmed Combat
   868 | D:2      | Reached skill level 1 in Spellcasting
   868 | D:2      | Reached skill level 1 in Evocations
  1031 | D:2      | Reached XP level 4. HP: 36/38 MP: 5/5
  1072 | D:2      | Reached skill level 1 in Shapeshifting
  1103 | D:2      | Noticed Sigmund
  1118 | D:2      | Killed Sigmund
  1119 | D:2      | Reached skill level 1 in Conjurations
  1119 | D:2      | Reached skill level 1 in Hexes
  1119 | D:2      | Reached skill level 1 in Summonings
  1119 | D:2      | Reached skill level 1 in Necromancy
  1119 | D:2      | Reached skill level 1 in Translocations
  1119 | D:2      | Reached skill level 1 in Transmutations
  1119 | D:2      | Reached skill level 1 in Fire Magic
  1119 | D:2      | Reached skill level 1 in Ice Magic
  1119 | D:2      | Reached skill level 1 in Air Magic
  1119 | D:2      | Reached skill level 1 in Earth Magic
  1119 | D:2      | Reached skill level 1 in Poison Magic
  1119 | D:2      | Reached skill level 2 in Invocations
  1119 | D:2      | Reached XP level 5. HP: 43/43 MP: 5/7
  1119 | D:2      | Reached XP level 6. HP: 50/50 MP: 5/8
  1809 | D:3      | Reached skill level 5 in Fighting
  1809 | D:3      | Reached skill level 5 in Throwing
  1841 | D:3      | You fall into a shaft and drop 2 floors!
  1841 | D:5      | Entered Level 5 of the Dungeon
  1843 | D:5      | Identified the amulet of Kiusche {Spirit rC- Str+4 Dex+5}
  1849 | D:5      | Found a blossoming altar of Fedhas.
  1972 | D:5      | Became a worshipper of Fedhas Madash
  1991 | D:5      | Noticed an ice beast
  2006 | D:5      | Killed an ice beast
  2127 | D:5      | Reached XP level 7. HP: 52/56 MP: 10/10
  2503 | D:5      | Reached skill level 3 in Invocations
  2677 | D:4      | Reached * piety under Fedhas
  2858 | D:3      | Identified the +9 quarterstaff "Obaegrot" {drain, rElec
                  | Will++ SInv Stlth-}
  3193 | D:4      | Reached XP level 8. HP: 59/63 MP: 12/12
  3624 | D:5      | Reached ** piety under Fedhas
  3849 | D:5      | Found a staircase to the Ecumenical Temple.
  4133 | D:6      | Reached skill level 4 in Invocations
  4156 | D:6      | Found a sparkling altar of Nemelex Xobeh.
  4218 | D:6      | Learned a level 1 spell: Foxfire
  4234 | D:6      | Reached XP level 9. HP: 69/69 MP: 14/14
  4342 | D:6      | Noticed Prince Ribbit
  4352 | D:6      | Killed Prince Ribbit
  4357 | D:6      | Learned a level 3 spell: Ozocubu's Armour
  4688 | D:7      | Found a shimmering altar of Xom.
  4998 | D:7      | Reached *** piety under Fedhas
  5417 | D:7      | Reached skill level 5 in Invocations
  5551 | D:7      | Found a white marble altar of Elyvilon.
  5551 | D:7      | Found a glowing golden altar of the Shining One.
  5551 | D:7      | Found a glowing silver altar of Zin.
  5648 | D:8      | Identified the +1 pair of gloves "Reemes" {Int+2 Dex+2}
  5663 | D:8      | Found a hide-covered altar of Uskayaw.
  5768 | D:8      | Noticed a hornet
  5775 | D:8      | Killed a hornet
  5776 | D:8      | Reached XP level 10. HP: 77/77 MP: 17/17
  5972 | D:8      | Reached skill level 5 in Short Blades
  5972 | D:8      | Reached skill level 5 in Long Blades
  5972 | D:8      | Reached skill level 5 in Axes
  5972 | D:8      | Reached skill level 5 in Maces & Flails
  5972 | D:8      | Reached skill level 5 in Polearms
  5972 | D:8      | Reached skill level 5 in Ranged Weapons
  5972 | D:8      | Reached skill level 5 in Armour
  5972 | D:8      | Reached skill level 5 in Stealth
  5972 | D:8      | Reached skill level 5 in Shields
  5972 | D:8      | Reached skill level 5 in Unarmed Combat
  5972 | D:8      | Reached skill level 5 in Spellcasting
  5972 | D:8      | Reached skill level 5 in Evocations
  6345 | D:8      | Found a snail-covered altar of Cheibriados.
  6345 | D:8      | Found an ancient bone altar of Kikubaaqudgha.
  6595 | D:9      | Reached **** piety under Fedhas
  6764 | D:9      | Reached skill level 6 in Invocations
  6767 | D:9      | Reached skill level 5 in Shapeshifting
  7221 | D:10     | Entered Level 10 of the Dungeon
  7249 | D:10     | Noticed a two-headed ogre
  7326 | D:10     | Killed a two-headed ogre
  7343 | D:10     | Found a flagged portal.
  7351 | D:10     | Identified the +7 spear "Widajod" {flame, *Corrode rElec
                  | rN+}
  7354 | Bailey   | Entered a bailey
  7443 | Bailey   | Reached XP level 11. HP: 70/84 MP: 19/19
  7531 | Bailey   | Reached skill level 5 in Conjurations
  7531 | Bailey   | Reached skill level 5 in Hexes
  7531 | Bailey   | Reached skill level 5 in Summonings
  7531 | Bailey   | Reached skill level 5 in Necromancy
  7531 | Bailey   | Reached skill level 5 in Translocations
  7531 | Bailey   | Reached skill level 5 in Transmutations
  7531 | Bailey   | Reached skill level 5 in Fire Magic
  7531 | Bailey   | Reached skill level 5 in Ice Magic
  7531 | Bailey   | Reached skill level 5 in Air Magic
  7531 | Bailey   | Reached skill level 5 in Earth Magic
  7531 | Bailey   | Reached skill level 5 in Poison Magic
  7553 | Bailey   | Reached ***** piety under Fedhas
  7568 | Bailey   | Identified the +0 cloak of the Ecumenical Temple {Harm
                  | Drain rF+ Dex+4}
  8463 | D:10     | Noticed Joseph
  8484 | D:10     | Killed Joseph
  8819 | D:10     | Found a staircase to the Lair.
  8862 | D:10     | Reached skill level 7 in Invocations
  9400 | Lair:1   | Entered Level 1 of the Lair of Beasts
 10292 | Lair:1   | Noticed Grum
 10306 | Lair:1   | Reached XP level 12. HP: 80/94 MP: 19/22
 10307 | Lair:1   | Killed Grum
 10494 | Lair:2   | Noticed a catoblepas
 10503 | Lair:2   | Killed a catoblepas
 10522 | Lair:2   | Noticed a death yak
 10523 | Lair:2   | Noticed a death yak
 10525 | Lair:2   | Noticed a death yak
 10527 | Lair:2   | Noticed a death yak
 10529 | Lair:2   | Noticed a death yak
 10530 | Lair:2   | Noticed a death yak
 10535 | Lair:2   | Killed a death yak
 10536 | Lair:2   | Reached skill level 8 in Invocations
 10547 | Lair:1   | Killed a death yak
 10551 | Lair:1   | Killed a death yak
 10552 | Lair:1   | Reached skill level 10 in Staves
 10552 | Lair:1   | Reached skill level 10 in Dodging
 11184 | Lair:2   | Found a staircase to the Swamp.
 11336 | Lair:2   | Killed a death yak
 11344 | Lair:2   | Killed a death yak
 11350 | Lair:2   | Killed a death yak
 11395 | Lair:2   | Found a staircase to the Snake Pit.
 12278 | Lair:3   | Noticed a catoblepas
 12291 | Lair:3   | Killed a catoblepas
 12292 | Lair:3   | Reached XP level 13. HP: 86/101 MP: 17/25
 12723 | Lair:3   | Reached skill level 9 in Invocations
 13048 | Lair:3   | Found a runed translucent door.
 13049 | Lair:3   | Found a shimmering altar of Xom.
 13049 | Lair:3   | Noticed Etuanuguth's ghost (journeyman MeEE)
 14052 | Lair:4   | Found a staircase to the Slime Pits.
 14119 | Lair:4   | Reached ****** piety under Fedhas
 14329 | Lair:4   | Reached skill level 10 in Fighting
 14329 | Lair:4   | Reached skill level 10 in Throwing
 14488 | Lair:5   | Entered Level 5 of the Lair of Beasts
 14762 | Lair:4   | Reached XP level 14. HP: 15/110 MP: 3/27
 15151 | Lair:5   | Reached skill level 10 in Invocations
 16531 | Lair:5   | Identified the +10 battleaxe of the Dove {flame, rPois rN+}
 17273 | D:11     | Found a staircase to the Orcish Mines.
 17691 | D:12     | Noticed Erolcha
 17769 | D:12     | Reached XP level 15. HP: 115/117 MP: 28/28
 17778 | D:11     | Killed Erolcha
 18003 | D:11     | Reached skill level 10 in Short Blades
 18003 | D:11     | Reached skill level 10 in Long Blades
 18003 | D:11     | Reached skill level 10 in Axes
 18003 | D:11     | Reached skill level 10 in Maces & Flails
 18003 | D:11     | Reached skill level 10 in Polearms
 18003 | D:11     | Reached skill level 10 in Ranged Weapons
 18003 | D:11     | Reached skill level 10 in Armour
 18003 | D:11     | Reached skill level 10 in Stealth
 18003 | D:11     | Reached skill level 10 in Shields
 18003 | D:11     | Reached skill level 10 in Unarmed Combat
 18003 | D:11     | Reached skill level 10 in Spellcasting
 18003 | D:11     | Reached skill level 10 in Evocations
 18466 | D:12     | Noticed Frances
 18491 | D:12     | Killed Frances
 18632 | D:12     | Reached skill level 11 in Invocations
 19049 | Orc:1    | Entered Level 1 of the Orcish Mines
 19180 | Orc:1    | Found Fecwunn's General Store.
 19182 | Orc:1    | Found Zacveh's Specific Store.
 19194 | Orc:1    | Bought a scroll of butterflies for 64 gold pieces
 19194 | Orc:1    | Bought a potion of might for 64 gold pieces
 19194 | Orc:1    | Bought a +0 kite shield of protection for 184 gold pieces
 19626 | Orc:2    | Entered Level 2 of the Orcish Mines
 20280 | Orc:2    | Found Unnazosegre's Assorted Antiques.
 20280 | Orc:2    | Found Giabeapn's Assorted Antiques.
 20282 | Orc:2    | Found Baoss's Antique Armour Emporium.
 20284 | Orc:2    | Found Xarphot's Weapon Shop.
 20296 | Orc:2    | Bought a potion of heal wounds for 155 gold pieces
 20296 | Orc:2    | Bought a potion of haste for 310 gold pieces
 20296 | Orc:2    | Bought a twisted cabochon ring for 155 gold pieces
 20297 | Orc:2    | Bought a pair of glowing gloves for 157 gold pieces
 20297 | Orc:2    | Bought a potion of curing for 63 gold pieces
 20297 | Orc:2    | Bought a potion of mutation for 168 gold pieces
 20297 | Orc:2    | Bought a potion of curing for 63 gold pieces
 20411 | Orc:2    | Found a staircase to the Elven Halls.
 21735 | D:13     | Found a gate to the Vaults.
 22781 | D:14     | Reached XP level 16. HP: 84/127 MP: 23/30
 23115 | D:14     | Found a broken altar of Ashenzari.
 23363 | D:14     | Found a runed translucent gate.
 23377 | D:14     | Found a runed translucent gate.
 23377 | D:14     | Found a runed translucent gate.
 23382 | D:14     | Noticed Newt's ghost (journeyman MfGl)
 23456 | D:14     | Noticed Azrael
 23475 | D:14     | Killed Azrael
 24050 | D:13     | Killed Newt's ghost
 24107 | D:14     | Reached skill level 10 in Shapeshifting
 24384 | D:14     | Reached skill level 12 in Invocations
 24384 | D:14     | Reached XP level 17. HP: 77/124 MP: 21/32
 24547 | D:15     | Entered Level 15 of the Dungeon
 25176 | D:15     | Identified the +2 robe "Otrezom" {rC+++ Int-3 Slay-3
                  | Archmagi}
 25667 | D:15     | Found a staircase to the Depths.
 26192 | Swamp:1  | Entered Level 1 of the Swamp
 27187 | Swamp:2  | Found the +3 greatsling "Punk" {acid, rCorr}
 27804 | D:13     | Gained mutation: You are clumsy. (Dex -2) [potion of
                  | mutation]
 27804 | D:13     | Gained mutation: You occasionally lose the ability to drink
                  | potions when taking damage. [potion of mutation]
 27805 | D:13     | Lost mutation: You occasionally lose the ability to drink
                  | potions when taking damage. [potion of mutation]
 27805 | D:13     | Lost mutation: You are clumsy. (Dex -2) [potion of
                  | mutation]
 27805 | D:13     | Gained mutation: You possess an exceptional clarity of
                  | mind. [potion of mutation]
 27805 | D:13     | Gained mutation: A frigid envelope surrounds you and
                  | freezes all who hurt you. [potion of mutation]
 27805 | D:13     | Gained mutation: You have large cloven feet. [potion of
                  | mutation]
 27805 | D:13     | Gained mutation: You are partially covered in large bone
                  | plates. (SH +4) [potion of mutation]
 28058 | Swamp:2  | Noticed Louise
 28070 | Abyss:2  | Cast into level 2 of the Abyss (Louise)
 28075 | Abyss:2  | Found a corrupted altar of Lugonu.
 28083 | Abyss:2  | Found an iron altar of Okawaru.
 28267 | Abyss:2  | Reached skill level 13 in Invocations
 28506 | Abyss:2  | Found a corrupted altar of Lugonu.
 28518 | Abyss:2  | Found a corrupted altar of Lugonu.
 28518 | Abyss:2  | Found a corrupted altar of Lugonu.
 28676 | Abyss:3  | Noticed an Executioner
 28685 | Abyss:3  | Killed an Executioner
 28685 | Abyss:3  | Noticed a tentacled starspawn
 28688 | Swamp:2  | Escaped the Abyss
 28691 | Swamp:2  | Noticed Nikola
 28700 | Swamp:2  | Killed Louise
 28706 | Swamp:2  | Killed Nikola
 29335 | Swamp:3  | Reached XP level 18. HP: 129/142 MP: 33/33
 29399 | Swamp:3  | Learned a level 4 spell: Leda's Liquefaction
 29407 | Swamp:3  | Reached skill level 10 in Conjurations
 29407 | Swamp:3  | Reached skill level 10 in Hexes
 29407 | Swamp:3  | Reached skill level 10 in Summonings
 29407 | Swamp:3  | Reached skill level 10 in Necromancy
 29407 | Swamp:3  | Reached skill level 10 in Translocations
 29407 | Swamp:3  | Reached skill level 10 in Transmutations
 29407 | Swamp:3  | Reached skill level 10 in Fire Magic
 29407 | Swamp:3  | Reached skill level 10 in Ice Magic
 29407 | Swamp:3  | Reached skill level 10 in Air Magic
 29407 | Swamp:3  | Reached skill level 10 in Earth Magic
 29407 | Swamp:3  | Reached skill level 10 in Poison Magic
 29465 | Swamp:3  | Found a one-way gate to the infinite horrors of the Abyss.
 29465 | Swamp:3  | Noticed Naistiu's ghost (adept DESu)
 29471 | Swamp:3  | Noticed a tentacled monstrosity
 29477 | Swamp:3  | Found a transporter.
 29495 | Swamp:3  | Found a transporter.
 30233 | Swamp:4  | Entered Level 4 of the Swamp
 30404 | Swamp:4  | Reached skill level 14 in Invocations
 31196 | Swamp:4  | Noticed the 27-headed Lernaean hydra
 31207 | Swamp:4  | Killed the 27-headed Lernaean hydra
 31403 | Swamp:4  | Got a decaying rune of Zot
 31594 | Snake:1  | Entered Level 1 of the Snake Pit
 32576 | Snake:1  | Identified the ring of Springtime {Fire *Slow +Blink rElec
                  | Will+++}
 32968 | Snake:2  | Noticed Asterion
 33155 | Snake:2  | Found Haolawi's Vocational Training.
 33164 | Snake:2  | Bought a manual of Evocations for 960 gold pieces
 33367 | Snake:2  | Killed Asterion
 33368 | Snake:2  | Reached skill level 15 in Invocations
 33494 | Snake:2  | Found Cugeacul's Jewellery Shoppe.
 33496 | Snake:2  | Found Adeat's Antique Armour Emporium.
 33498 | Snake:2  | Found Hydogal's Assorted Antiques.
 34083 | Snake:2  | Learned a level 4 spell: Summon Lightning Spire
 34714 | Snake:3  | Reached XP level 19. HP: 115/149 MP: 35/35
 35769 | Snake:4  | Entered Level 4 of the Snake Pit
 36368 | Snake:4  | Noticed Aizul
 36389 | Snake:4  | Killed Aizul
 36705 | Snake:4  | Noticed Mara
 36732 | Snake:4  | Killed Mara
 37338 | Snake:4  | Noticed Donald
 37347 | Snake:4  | Killed Donald
 37537 | Snake:4  | Reached skill level 16 in Invocations
 37743 | Snake:4  | Noticed Vashnia
 37752 | Snake:4  | Killed Vashnia
 38192 | Snake:4  | Got a serpentine rune of Zot
 38439 | Snake:4  | Found Tipar's Book Shop.
 38440 | Snake:4  | Found Goasul's Jewellery Shoppe.
 38441 | Snake:4  | Found Vypuw's Book Shop.
 38701 | Vaults:1 | Entered Level 1 of the Vaults
 39193 | Vaults:1 | Reached XP level 20. HP: 150/159 MP: 37/37
 40474 | Vaults:1 | Identified the +2 scimitar of Lust {freeze, rC+ rN+}
 40593 | Vaults:1 | Got Zyiraby Loecw's Guide on the Gusty Geodesic
 40769 | Vaults:2 | Reached skill level 17 in Invocations
 40782 | Vaults:2 | Identified the +0 leather armour of Sif Muna's Supremacy
                  | {*Slow rF+ Stlth+}
 41067 | Vaults:2 | Found a staircase to the Crypt.
 41072 | Crypt:1  | Entered Level 1 of the Crypt
 41333 | Crypt:1  | Paralysed by a vampire knight for 5 turns
 41347 | Crypt:1  | Reached skill level 15 in Staves
 41347 | Crypt:1  | Reached skill level 15 in Dodging
 42560 | Crypt:1  | Reached skill level 15 in Evocations
 44356 | Vaults:2 | Reached XP level 21. HP: 107/166 MP: 39/39
 44931 | Vaults:2 | Reached skill level 18 in Invocations
 45464 | Vaults:2 | Found a runed translucent gate.
 45464 | Vaults:2 | Found a runed translucent gate.
 45464 | Vaults:2 | Found a runed translucent gate.
 45467 | Vaults:2 | Noticed Woitib's ghost (adept GrFE)
 45841 | Vaults:2 | Found Uguhu's Magic Scroll Emporium.
 45897 | Vaults:2 | Noticed Xtahua
 46751 | Vaults:3 | Reached skill level 15 in Fighting
 46751 | Vaults:3 | Reached skill level 15 in Throwing
 47195 | Vaults:3 | Identified a scroll of acquirement
 47196 | Vaults:3 | Acquired the ring "Taesooly" {rC+ Str+8 Int+6 Dex+4 Slay-3}
 47632 | Vaults:3 | You fall into a shaft and drop 1 floor!
 48286 | Vaults:4 | Found a magical portal.
 48844 | Vaults:3 | Learned a level 6 spell: Plasma Beam
 48850 | Vaults:3 | Learned a level 5 spell: Lee's Rapid Deconstruction
 49075 | Vaults:3 | Identified the +5 flail of Valiance {venom, rElec}
 49220 | Vaults:3 | Reached skill level 19 in Invocations
 50012 | Vaults:3 | Reached XP level 22. HP: 165/176 MP: 40/40
 50062 | Vaults:3 | Learned a level 5 spell: Yara's Violent Unravelling
 50830 | Vaults:4 | Paralysed by a sphinx for 3 turns
 51100 | Abyss:3  | Cast into level 3 of the Abyss (a wizard)
 51319 | Abyss:3  | Reached skill level 15 in Short Blades
 51319 | Abyss:3  | Reached skill level 15 in Long Blades
 51319 | Abyss:3  | Reached skill level 15 in Axes
 51319 | Abyss:3  | Reached skill level 15 in Maces & Flails
 51319 | Abyss:3  | Reached skill level 15 in Polearms
 51319 | Abyss:3  | Reached skill level 15 in Ranged Weapons
 51319 | Abyss:3  | Reached skill level 15 in Armour
 51319 | Abyss:3  | Reached skill level 15 in Stealth
 51319 | Abyss:3  | Reached skill level 15 in Shields
 51319 | Abyss:3  | Reached skill level 15 in Unarmed Combat
 51319 | Abyss:3  | Reached skill level 15 in Spellcasting
 51504 | Vaults:3 | Escaped the Abyss
 53268 | Crypt:3  | Entered Level 3 of the Crypt
 53278 | Crypt:2  | Learned a level 6 spell: Starburst
 54216 | Crypt:3  | Noticed Frederick
 54236 | Crypt:3  | Killed Frederick
 54778 | Snake:4  | Bought the ring "Miphyfi" {Contam rF++ rC+ Str+4} for 889
                  | gold pieces
 55346 | Crypt:3  | Reached skill level 20 in Invocations
 55610 | Crypt:3  | Paralysed by something for 4 turns
 55618 | Crypt:3  | HP: 6/177 [something (20)]
 55618 | Crypt:3  | HP: 2/177 [something (4)]
 55803 | Crypt:3  | Identified the staff "Riha" {rN+ Str+3 Necro}
 55994 | Crypt:3  | Found a staircase to the Tomb.
 56002 | Crypt:3  | Identified the ring "Vuxih" {Drain rN+ Will++ Str+8 Stlth+}
 56002 | Crypt:3  | Identified the amulet of Mirth {Regen+ Int+6 Stlth+}
 56028 | Crypt:3  | Learned a level 5 spell: Silence
 56056 | Crypt:3  | Identified the ring of Hetwec {Ice rCorr MP+9 Str+3 Dex-2}
 56056 | Crypt:3  | Noticed Josephina
 56084 | Crypt:3  | Killed Josephina
 56308 | Crypt:3  | Noticed a dread lich
 56322 | Crypt:3  | Killed a dread lich
 56323 | Crypt:3  | Reached XP level 23. HP: 149/184 MP: 13/42
 56512 | Crypt:3  | Found a basalt altar of Yredelemnul.
 56536 | Crypt:3  | Identified the ring of Reimbursement {rC+ Will+ Str+2 Int+2
                  | Dex+2 Slay-5}
 56713 | Crypt:3  | Acquired the +9 crystal plate armour "Tuiffiod" {Int+8
                  | Dex-2 Stlth-}
 57026 | Vaults:2 | Bought a scroll of enchant weapon for 135 gold pieces
 57026 | Vaults:2 | Bought a scroll of teleportation for 54 gold pieces
 57026 | Vaults:2 | Bought a scroll of teleportation for 54 gold pieces
 57219 | Elf:1    | Entered Level 1 of the Elven Halls
 57368 | Elf:1    | Learned a level 3 spell: Swiftness
 57373 | Elf:1    | Learned a level 4 spell: Vhi's Electric Charge
 58159 | Elf:1    | Learned a level 5 spell: Borgnjor's Vile Clutch
 58393 | Elf:2    | Found a runed translucent gate.
 58393 | Elf:2    | Found a runed translucent gate.
 58393 | Elf:2    | Found a runed translucent gate.
 58510 | Elf:2    | Noticed Saint Roka
 58532 | Elf:2    | Killed Saint Roka
 58747 | Elf:2    | Found Tidynif's Antique Weapon Boutique.
 58798 | Elf:2    | Noticed Agnes
 58805 | Elf:2    | Killed Agnes
 58931 | Elf:2    | Paralysed by an air elemental for 1 turns
 59156 | Elf:3    | Entered Level 3 of the Elven Halls
 59371 | Elf:3    | Identified the +4 ring mail of Lugonu's Displeasure {+Inv
                  | rPois rF+}
 59405 | Elf:2    | Found an ancient bone altar of Kikubaaqudgha.
 59462 | Elf:3    | Paralysed by an air elemental for 1 turns
 60378 | Elf:3    | Reached skill level 21 in Invocations
 60651 | Elf:3    | Identified the +3 morningstar "Ukli" {speed, *Noise rN+
                  | rCorr Dex+2}
 60651 | Elf:3    | Identified the ring "Muirudd" {Fly rF+ Int+5}
 60810 | Elf:3    | Identified the +8 ring mail of Miracles {Int+3}
 60986 | Elf:3    | Identified the +0 great mace of the Hawk {heavy, rC+ rN+}
 60998 | Elf:3    | Identified the staff of Joyful Slaughter {rF+ MP+9 Earth}
 61012 | Elf:3    | Identified the +1 shortbow "Ogiurot" {speed, Drain Fragile
                  | rF+++ Will+++}
 61013 | Elf:3    | Identified the +0 chain mail of Dishonesty {Regen+}
 61029 | Elf:3    | Identified the ring "Ylimy" {rF- rC+ rCorr Str+3}
 61066 | Elf:3    | Identified the +0 trident of Eternal Vigilance {antimagic,
                  | rC+}
 61539 | Depths:1 | Entered Level 1 of the Depths
 61802 | Depths:1 | Found a gateway to Hell.
 61896 | Depths:1 | Reached XP level 24. HP: 176/193 MP: 35/43
 62609 | Depths:2 | Reached skill level 15 in Shapeshifting
 63016 | Snake:2  | Bought the amulet of Vitality {RegenMP++ Regen++} for 2100
                  | gold pieces
 63016 | Snake:2  | Found the amulet of Vitality {RegenMP++ Regen++}
 63848 | Depths:2 | Found a one-way gate leading to the halls of Pandemonium.
 64205 | Depths:3 | Found a one-way gateway to a ziggurat.
 64438 | Depths:3 | Reached skill level 22 in Invocations
 64440 | Depths:3 | Noticed a juggernaut
 64493 | Depths:3 | Killed a juggernaut
 64782 | Depths:3 | Got Nodan's Textbook on the Flock
 64931 | Depths:3 | Identified the amulet "Esounatu" {Spirit Int+2 Dex+7}
 65084 | Depths:3 | Noticed a juggernaut
 65125 | Depths:3 | Killed a juggernaut
 65655 | Depths:4 | Entered Level 4 of the Depths
 65680 | Depths:3 | Reached XP level 25. HP: 201/201 MP: 43/43
 65927 | Depths:4 | Found Laskysiu's Magic Scroll Shop.
 65979 | Depths:4 | Bought a scroll of blinking for 150 gold pieces
 65979 | Depths:4 | Bought a scroll of teleportation for 60 gold pieces
 65979 | Depths:4 | Bought a scroll of teleportation for 60 gold pieces
 65979 | Depths:4 | Bought a scroll of teleportation for 60 gold pieces
 66162 | Depths:4 | Noticed a juggernaut
 66168 | Depths:4 | Found a bloodstained altar of Trog.
 66177 | Depths:4 | Noticed a juggernaut
 66196 | Depths:4 | Gained mutation: You have hidden genetic defects. [a
                  | neqoxec]
 66197 | Depths:4 | Gained mutation: You do not regenerate when monsters are
                  | visible. [a neqoxec]
 66202 | Depths:4 | Lost mutation: You have large cloven feet. [potion of
                  | mutation]
 66202 | Depths:4 | Lost mutation: You possess an exceptional clarity of mind.
                  | [potion of mutation]
 66202 | Depths:4 | Lost mutation: A frigid envelope surrounds you and freezes
                  | all who hurt you. [potion of mutation]
 66202 | Depths:4 | Gained mutation: You have a pair of small horns on your
                  | head. [potion of mutation]
 66203 | Depths:4 | Lost mutation: You have hidden genetic defects. [potion of
                  | mutation]
 66203 | Depths:4 | Lost mutation: You do not regenerate when monsters are
                  | visible. [potion of mutation]
 66203 | Depths:4 | Lost mutation: You have a pair of small horns on your head.
                  | [potion of mutation]
 66203 | Depths:4 | Gained mutation: You are dopey. (Int -2) [potion of
                  | mutation]
 66203 | Depths:4 | Gained mutation: Your system is resistant to poisons.
                  | (rPois) [potion of mutation]
 66203 | Depths:4 | Gained mutation: You expend magic power (3 MP) to
                  | strengthen your wands. [potion of mutation]
 66203 | Depths:4 | Gained mutation: You are covered in fur. (AC +1) [potion of
                  | mutation]
 66319 | Depths:4 | Noticed Xutext's ghost (adept DsAK)
 66321 | Depths:4 | Found a transporter.
 66340 | Depths:4 | Found a transporter.
 66422 | Depths:4 | Found a gate to the Realm of Zot.
 66732 | Vaults:2 | Killed Xtahua
 66866 | Vaults:5 | Entered Level 5 of the Vaults
 66873 | Vaults:5 | Noticed an ancient lich
 66873 | Vaults:5 | Found Siurem's Jewellery Shoppe.
 66873 | Vaults:5 | Found Rozaer's Jewellery Shop.
 66963 | Vaults:5 | Noticed an ancient lich
 66989 | Vaults:5 | Killed an ancient lich
 67180 | Vaults:5 | Killed an ancient lich
 67436 | Vaults:5 | Reached skill level 23 in Invocations
 68198 | Vaults:5 | Noticed a dread lich
 68217 | Vaults:5 | Killed a dread lich
 68306 | Vaults:5 | Identified the +0 cloak of Goseen {Drain rElec rN+++ Dex-5}
 68369 | Vaults:5 | Reached XP level 26. HP: 200/211 MP: 44/44
 68479 | Vaults:5 | Identified the +3 cloak "Rateg" {Dex+3}
 68523 | Vaults:5 | Got a silver rune of Zot
 68561 | Vaults:5 | Noticed a dread lich
 68580 | Vaults:5 | Killed a dread lich
 68921 | Vaults:5 | Reached skill level 15 in Conjurations
 68921 | Vaults:5 | Reached skill level 15 in Hexes
 68921 | Vaults:5 | Reached skill level 15 in Summonings
 68921 | Vaults:5 | Reached skill level 15 in Necromancy
 68921 | Vaults:5 | Reached skill level 15 in Translocations
 68921 | Vaults:5 | Reached skill level 15 in Transmutations
 68921 | Vaults:5 | Reached skill level 15 in Fire Magic
 68921 | Vaults:5 | Reached skill level 15 in Ice Magic
 68921 | Vaults:5 | Reached skill level 15 in Air Magic
 68921 | Vaults:5 | Reached skill level 15 in Earth Magic
 68921 | Vaults:5 | Reached skill level 15 in Poison Magic
 69554 | Zot:1    | Entered Level 1 of the Realm of Zot
 69600 | Zot:1    | Acquired 640 gold pieces
 70102 | Zot:5    | Entered Level 5 of the Realm of Zot
 70446 | Zot:5    | Reached skill level 24 in Invocations
 70961 | Zot:5    | Noticed an ancient lich
 70963 | Zot:5    | Noticed an orb of fire
 70968 | Zot:5    | Gained mutation: Armour fits poorly on your strangely
                  | shaped body. [an orb of fire]
 70980 | Zot:5    | Gained mutation: You are vulnerable to heat. (rF-) [an orb
                  | of fire]
 70983 | Zot:5    | Killed an orb of fire
 70988 | Zot:5    | Noticed a Killer Klown
 70991 | Zot:5    | Killed an ancient lich
 70992 | Zot:5    | Noticed an orb of fire
 71131 | Zot:5    | Killed a Killer Klown
 71168 | Zot:5    | Killed an orb of fire
 71186 | Zot:5    | Noticed an ancient lich
 71196 | Zot:5    | Killed an ancient lich
 71254 | Zot:5    | Noticed an orb of fire
 71255 | Zot:5    | Gained mutation: Potions are less effective at restoring
                  | your health. [an orb of fire]
 71262 | Zot:5    | Killed an orb of fire
 71425 | Zot:5    | Reached XP level 27. HP: 196/219 MP: 45/45
 71468 | Zot:5    | Got the Orb of Zot
 72079 | D:$      | Escaped with the Orb!

Illustrated notes

Levels and vault maps discovered:
D:1:      lightli_arrival_isolated_outpost, layout_basic
D:2:      cheibrodos_old_hovel, layout_loops_ring, uniq_sigmund
D:3:      kennysheep_big_flooded_room, layout_loops_ring
D:4:      layout_basic, chequers_decorated_corner, minmay_fractal_squares_5
D:5:      layout_loops_ring, old_standard_altar, minmay_temple_entry_grid,
          minmay_bent
D:6:      layout_loops_ring, mainiacjoe_overflow_brackets, uniq_prince_ribbit1
D:7:      layout_loops_corners, good_gods_mini_temple, old_standard_altar,
          st_stairs_3, lemuel_flamethrower_2
D:8:      layout_basic, lemuel_round_altar, gammafunk_temple_overflow_elements
D:9:      layout_rooms
D:10:     layout_basic, david_lair_shrubbed, enter_bailey_2, uniq_joseph
D:11:     layout_basic, zombieorc1_lemuel
D:12:     layout_small_grid, grunt_ministairs_13, drop_trap, uniq_erolcha,
          uniq_frances
D:13:     layout_irregular_city, grunt_vaults_entry_fortified
D:14:     layout_cave_pools, nicolae_ashenzari_skybound,
          gammafunk_ghost_necromancy, grunt_decor_fettered, drop_trap,
          uniq_azrael
D:15:     grunt_enter_depths_magical_seal, layout_basic, minivault_26
Lair:1:   layout_big_grid, st_stairs_7, uniq_grum
Lair:2:   layout_long_grid, minmay_swamp_entry_swarm,
          guppyfry_snake_entry_island, serial_rivers,
          chequers_serial_rivers_marsh, chequers_serial_rivers_room_b,
          chequers_serial_rivers_marsh, chequers_serial_rivers_micro_b
Lair:3:   layout_chaotic_city, ebering_ghost_xom, minivault_25,
          serial_bayou_shore_a, grunt_megastairs_5
Lair:4:   layout_gridlike, slime_entry_1, infiniplex_staircase_pool
Lair:5:   gammafunk_lair_ancient_temple, layout_loops_ring,
          kilobyte_rumbling_trees
Swamp:1:  layout_basic_swamp, evilmike_swamp_ruin_house_4, swamp_pool3
Swamp:2:  layout_falls_marsh, nicolae_swamp_tree_isthmus, swamp_pool4,
          uniq_nikola, uniq_louise
Swamp:3:  layout_basic_swamp, gammafunk_ghost_abyssal_escape,
          nicolae_swamp_little_swirl, nicolae_swamp_oklob_treasure_island
Swamp:4:  swamp_old_school, layout_basic_swamp
Snake:1:  layout_honeycomb
Snake:2:  layout_chambers, nicolae_shop_vocational, minmay_shop_star,
          uniq_asterion
Snake:3:  layout_cave_town, serial_bayou_lake_a
Snake:4:  grunt_snake_rune_serpentine_throne, layout_gridlike,
          nicolae_snake_gridmaze_spiral, grunt_megastairs_2, minmay_shop_grove,
          uniq_mara, uniq_donald, uniq_aizul
Orc:1:    layout_diamond_mine, basic_altar, nicolae_specific_store
Orc:2:    st_orc_rangers, layout_diamond_mine
Elf:1:    nicolae_elf_arrival_fired_up, layout_loops_corners,
          kennysheep_underground_church
Elf:2:    elven_hall_of_blades_hangedman_original [mumra_blade_entry_bloodbath],
          layout_loops_corners, serial_shops, nicolae_shop_overgrown_old_shop,
          lemuel_upstairs_altar, uniq_saint_roka, uniq_agnes
Elf:3:    minmay_elf_hall_circle, layout_geoelf_castle, drop_trap
Vaults:1: ontoclasm_vaults_claustrophobia, nicolae_vaults_doubleplus_tesselated,
          vaults_dpeg_emergency_exit, v_rooms_3, vaults_room_grid,
          hangedman_vaults_stream, nicolae_vaults_storage_room_doors,
          nicolae_vaults_more_shelving_1, nicolae_vaults_weapon_check,
          nicolae_vaults_display_case, nicolae_vaults_six-pack,
          layout_vaults_omnibox
Vaults:2: gammafunk_ghost_tricky_traps, nicolae_vaults_tetromino_L_2,
          nicolae_vaults_diamond_2, blue_anna_dwarven_crypt,
          nicolae_vaults_c_with_doors, nicolae_vaults_rhombus_5,
          hangedman_vaults_nodes, v_alt_pattern_5, ontoclasm_vaults_ring_small,
          v_misc_12, nicolae_vaults_bisected_exclaves, nicolae_vaults_house_2,
          layout_vaults_big_room, serial_shops, nicolae_shop_hallway_plus,
          uniq_xtahua
Vaults:3: nicolae_vaults_what_the_h, v_misc_25,
          nicolae_vaults_corridor_and_loot_room, v_misc_25,
          nicolae_vaults_little_squares_3, vaults_mumra_hexcomb, v_pattern_4,
          vaults_mumra_hex, nicolae_vaults_shelves_hall,
          nicolae_vaults_closet_pinwheel_4, ontoclasm_vaults_gateway,
          nicolae_vaults_closet_pinwheel_6, vaults_room_semicircle,
          layout_vaults_omnicross
Vaults:4: mu_enter_wizlab_1, vaults_mumra_chevron_long, v_misc_24,
          nicolae_vaults_shipping_containers_7, nicolae_vaults_double_plus_1,
          nicolae_vaults_six-pack, v_misc_25, nicolae_vaults_alarming,
          vaults_room_corners, nicolae_vaults_trapezoid_lopsided_3,
          layout_vaults_quadrants
Vaults:5: serial_shops
Crypt:1:  layout_chaotic_city, minivault_25, st_stairs_8
Crypt:2:  layout_chaotic_city, minmay_misc_feat_columns,
          nicolae_crypt_little_mausoleum, grunt_megastairs_4
Crypt:3:  cryptofortress_bobbens, uniq_jory, uniq_grunn, uniq_josephina,
          uniq_frederick
Depths:1: layout_roguey, serial_corexii_hall, corexii_hall_statues_s,
          corexii_hall_statues_s, chequers_hall_statues_corner_a, hell_entry,
          roderic_serpentine_path, kennysheep_generic_room_10
Depths:2: dreamdust_merry_men, layout_honeycomb, hell_entry,
          rand_demon_pan_entry_4, infiniplex_staircase_x
Depths:3: little_maze_vault, layout_twisted_cross, enter_ziggurat_a,
          pf_coc_iceberg, abyss_entry_small_statue_room,
          infiniplex_staircase_pool_2, serial_bayou_shore_b
Depths:4: evilmike_zot_entry_diamond, layout_cave_pools, chequers_jeans,
          serial_shops, shop, grunt_pan_entry_in_and_out, hell_entry,
          gammafunk_ghost_wrathful_warriors
Zot:1:    layout_twisted_circle
Zot:2:    hellmonk_crystal_mountain, layout_misc_corridors
Zot:3:    layout_basic, gammafunk_ghost_ooze
Zot:4:    kennysheep_ambush_hall, layout_basic, grunt_megastairs_3
Zot:5:    layout_basic

Skill      XL: |  1  2  3  4  5  6  7  8  9 10 11 12 13 14 15 16 17 18 19 20 21 22 23 24 25 26 |
---------------+-------------------------------------------------------------------------------+-----
Invocations    | 1 2 3 4 5 6 7 8 9 10 11 12 13 15 16 17 19 20 21 22 23 24 | 24.6
Short Blades   | 1 2 3 4 5 7 8 9 10 11 12 13 14 15 16 17 18 | 18.2
Long Blades    | 1 2 3 4 5 7 8 9 10 11 12 13 14 15 16 17 18 | 18.2
Axes           | 1 2 3 4 5 7 8 9 10 11 12 13 14 15 16 17 18 | 18.2
Maces & Flails | 1 2 3 4 5 7 8 9 10 11 12 13 14 15 16 17 18 | 18.2
Polearms       | 1 2 3 4 5 7 8 9 10 11 12 13 14 15 16 17 18 | 18.2
Ranged Weapons | 1 2 3 4 5 7 8 9 10 11 12 13 14 15 16 17 18 | 18.2
Armour         | 1 2 3 4 5 7 8 9 10 11 12 13 14 15 16 17 18 20 | 20.1
Stealth        | 1 2 3 4 5 7 8 9 10 11 12 13 14 15 16 17 18 | 18.2
Shields        | 1 2 3 4 5 7 8 9 10 11 12 13 14 15 16 17 18 | 18.2
Unarmed Combat | 1 2 3 4 5 7 8 9 10 11 12 13 14 15 16 17 18 | 18.2
Spellcasting   | 1 2 3 4 5 7 8 9 10 11 12 13 14 15 16 17 18 | 18.2
Evocations     | 1 2 3 4 5 7 8 9 10 11 12 14 15 16 17 18 20 21 22 | 22.2
Shapeshifting  | 1 2 3 4 5 6 7 8 9 10 11 12 13 14 15 16 | 16.8
Conjurations   | 1 2 3 4 5 6 7 8 9 10 11 12 13 14 15 | 15.5
Hexes          | 1 2 3 4 5 6 7 8 9 10 11 12 13 14 15 | 15.5
Summonings     | 1 2 3 4 5 6 7 8 9 10 11 12 13 14 15 | 15.5
Necromancy     | 1 2 3 4 5 6 7 8 9 10 11 12 13 14 15 | 15.5
Translocations | 1 2 3 4 5 6 7 8 9 10 11 12 13 14 15 | 15.5
Transmutations | 1 2 3 4 5 6 7 8 9 10 11 12 13 14 15 | 15.5
Fire Magic     | 1 2 3 4 5 6 7 8 9 10 11 12 13 14 15 | 15.5
Ice Magic      | 1 2 3 4 5 6 7 8 9 10 11 12 13 14 15 | 15.5
Air Magic      | 1 2 3 4 5 6 7 8 9 10 11 12 13 14 15 | 15.5
Earth Magic    | 1 2 3 4 5 6 7 8 9 10 11 12 13 14 15 | 15.5
Poison Magic   | 1 2 3 4 5 6 7 8 9 10 11 12 13 14 15 | 15.5
Fighting       | 5 6 7 8 9 10 11 12 13 14 15 16 17 18 | 18.7
Throwing       | 5 6 7 8 9 10 11 12 13 14 15 16 17 18 | 18.7
Staves         | 7 8 9 10 11 12 13 14 15 16 17 18 19 | 19.1
Dodging        | 7 8 9 10 11 12 13 14 15 16 17 18 19 | 19.1

Action                     |  1- 3 |  4- 6 |  7- 9 | 10-12 | 13-15 | 16-18 | 19-21 | 22-24 | 25-27 || total
---------------------------+-------+-------+-------+-------+-------+-------+-------+-------+-------++-------
  Melee: Quarterstaff      |   108 |    86 |   320 |   599 |   971 |       |       |       |       ||  2084
         Bite              |     7 |     6 |    36 |    76 |   232 |    79 |   109 |   198 |   354 ||  1097
         Unarmed           |       |       |       |    23 |       |       |       |       |       ||    23
         Punch             |       |       |       |     2 |       |       |       |       |       ||     2
         Demon trident     |       |       |       |       |   470 |   472 |   518 |   785 |       ||  2245
         Lance             |       |       |       |       |       |       |       |   425 |  1706 ||  2131
   Fire: Greatsling        |       |       |       |       |       |   725 |  1530 |   500 |       ||  2755
  Throw: Throwing net      |       |     1 |       |       |       |       |       |       |       ||     1
         Boomerang         |       |       |       |     7 |    16 |       |     1 |     8 |    15 ||    47
         Dart              |       |       |       |     2 |     2 |       |       |     1 |       ||     5
         Javelin           |       |       |       |       |     1 |     1 |       |       |       ||     2
   Cast: Foxfire           |       |       |     7 |    16 |       |       |       |       |       ||    23
         Ozocubu's Armour  |       |       |       |     4 |       |     1 |       |     1 |       ||     6
         Summon Lightning  |       |       |       |       |       |     2 |       |       |       ||     2
         Lee's Rapid Decon |       |       |       |       |       |       |    10 |    65 |     2 ||    77
         Leda's Liquefacti |       |       |       |       |       |       |     4 |     2 |     1 ||     7
         Plasma Beam       |       |       |       |       |       |       |     1 |    20 |       ||    21
         Starburst         |       |       |       |       |       |       |       |    21 |     1 ||    22
         Yara's Violent Un |       |       |       |       |       |       |       |    54 |     1 ||    55
         Vhi's Electric Ch |       |       |       |       |       |       |       |    64 |    35 ||    99
         Borgnjor's Vile C |       |       |       |       |       |       |       |    27 |     8 ||    35
         Silence           |       |       |       |       |       |       |       |     8 |    28 ||    36
 Invoke: Wall of Briars    |       |       |       |     1 |       |       |       |       |       ||     1
         Grow Ballistomyce |       |       |       |     6 |     4 |     4 |     6 |     4 |       ||    24
         Grow Oklob        |       |       |       |       |     1 |     1 |       |     1 |     2 ||     5
         Overgrow          |       |       |       |       |       |     3 |     4 |       |       ||     7
  Evoke: Wand              |       |       |       |       |     2 |     5 |    13 |     6 |     4 ||    30
         Phial of floods   |       |       |       |       |       |       |     2 |     1 |       ||     3
         Lightning rod     |       |       |       |       |       |       |       |       |     3 ||     3
    Use: Scroll            |     1 |     2 |     3 |    11 |    13 |     7 |     8 |     8 |    15 ||    68
         Potion            |       |       |       |     5 |     2 |     9 |     6 |     2 |     7 ||    31
   Stab: Sleeping          |     2 |     2 |     1 |     1 |       |       |     5 |       |       ||    11
         Held in net/web   |       |     1 |       |       |       |       |       |       |       ||     1
         Confused          |       |       |       |     7 |     2 |     5 |       |     1 |       ||    15
         Distracted        |       |       |       |       |     1 |       |     6 |     4 |     6 ||    17
         Invisible         |       |       |       |       |       |     2 |     3 |     3 |     6 ||    14
 Armour: Leather armour    |    38 |     5 |       |       |       |       |       |       |       ||    43
         Ring mail         |       |    33 |   100 |   102 |       |       |       |       |       ||   235
         Plate armour      |       |       |       |   314 |   796 |   290 |       |       |       ||  1400
         Skin              |       |       |       |    46 |       |       |       |       |       ||    46
         Swamp dragon scal |       |       |       |       |       |   183 |   512 |   192 |       ||   887
         Crystal plate arm |       |       |       |       |       |       |       |   508 |   712 ||  1220
  Dodge: Dodged            |    78 |    38 |   200 |   524 |   973 |   496 |   684 |   459 |   338 ||  3790
  Block: Kite shield       |       |       |       |       |   373 |   658 |  1051 |   846 |   816 ||  3744

Table legend: (Time is in decaauts)
 A = Elapsed time spent in this place.
 B = Non-inter-level travel time spent in this place.
 C = Inter-level travel time spent in this place.
 D = Time resting spent in this place.
 E = Time spent auto-exploring this place.
 F = Levels seen in this place.
 G = Mean time per level.
                   A        B        C        D        E       F      G
               +--------+--------+--------+--------+--------+-----+--------+
         Total |  70966 |  64504 |   6462 |  20924 |  26816 |  54 | 1314.2 |
       Dungeon |  17809 |  15384 |   2425 |   3897 |   8072 |  15 | 1187.3 |
          Lair |   7812 |   6917 |    895 |   2469 |   2661 |   5 | 1562.4 |
         Swamp |   4639 |   4334 |    305 |   1462 |   1965 |   4 | 1159.8 |
     Snake Pit |   7206 |   6698 |    508 |   2160 |   3341 |   4 | 1801.5 |
  Orcish Mines |   1903 |   1732 |    171 |    261 |    958 |   2 |  951.5 |
   Elven Halls |   4130 |   3923 |    207 |   1043 |   1781 |   3 | 1376.7 |
        Vaults |  12991 |  11986 |   1005 |   5285 |   3575 |   5 | 2598.2 |
         Crypt |   6467 |   6051 |    416 |   3072 |   1554 |   3 | 2155.7 |
        Depths |   4442 |   4056 |    386 |    433 |   2505 |   4 | 1110.5 |
           Zot |   1834 |   1696 |    138 |    518 |    328 |   5 |  366.8 |
         Abyss |    995 |    995 |      0 |     11 |      0 |   3 |  331.7 |
        Bailey |    734 |    734 |      0 |    309 |     73 |   1 |  734.0 |
               +--------+--------+--------+--------+--------+-----+--------+

Top non-repeatable levels by time:
Vaults:2: 3102 daAuts
Vaults:3: 3022 daAuts
 Snake:4: 2720 daAuts
Vaults:1: 2654 daAuts
 Crypt:3: 2360 daAuts
    D:13: 2332 daAuts
Vaults:4: 2214 daAuts
   Elf:3: 2132 daAuts
 Crypt:1: 2085 daAuts
    D:14: 2080 daAuts
 Crypt:2: 2020 daAuts
Vaults:5: 1998 daAuts
    D:10: 1968 daAuts
Depths:3: 1815 daAuts
  Lair:5: 1789 daAuts
